 Dungeon Crawl Stone Soup version 0.17-a0-2118-g63bad21 (console) character file.

359 endege the Skirmisher (level 6, 0/44 HPs)
             Began as a Kobold Assassin on Oct 20, 2015.
             Was an Initiate of Dithmenos.
             Slain by an orc wizard
             ... wielding a +0 dagger
              (4 damage)
             ... on level 3 of the Dungeon.
             The game lasted 00:48:53 (5708 turns).

endege the Skirmisher (Kobold Assassin)             Turns: 5708, Time: 00:48:53

Health: 0/44       AC:  6    Str: 11    XL:     6   Next: 98%
Magic:  6/6        EV: 13    Int:  9    God:    Dithmenos [......]
Gold:   121        SH:  0    Dex: 18    Spells: 0 memorised, 5 levels left

rFire  . . .     SeeInvis .     a - +2 dagger
rCold  . . .     Clarity  .     q - +1 leather armour
rNeg   . . .     SustAt   .     (shield restricted)
rPois  .         Gourm    .     o - +1 hat
rElec  .         Spirit   .     d - +0 cloak
rCorr  .         Warding  .     (no gloves)
rMut   +         Stasis   .     (no boots)
MR     .....                    u - amulet of resist mutation
Stlth  ++........               (no ring)
                                (no ring)

@: very slightly contaminated, hasted, very quick, not resistant to hostile
enchantments, unstealthy
A: carnivore 3
a: Renounce Religion


You were on level 3 of the Dungeon.
You worshipped Dithmenos.
Dithmenos was noncommittal.
You were full.

You visited 1 branch of the dungeon, and saw 4 of its levels.

You collected 121 gold pieces.

Inventory:

Hand Weapons
 a - a +2 dagger (weapon)
 b - a +0 blowgun
 h - a +0 flail
 i - a +0 dagger
 j - a +0 dagger
 k - a +0 whip
 s - a -3 dagger
Missiles
 e - 24 poisoned needles
 f - 2 curare-tipped needles
 m - 2 tomahawks
 n - 41 sling bullets
 v - a throwing net (quivered)
Armour
 c - a +0 robe
 d - a +0 cloak (worn)
 l - a +2 helmet
 o - a +1 hat (worn)
 q - a +1 leather armour (worn)
 t - a +0 robe
Jewellery
 u - an amulet of resist mutation (around neck)
Wands
 p - a wand of fire (9)
 y - a wand of flame (31)
Scrolls
 w - 2 scrolls of identify
Potions
 A - a potion of poison
Books
 x - a Grand Grimoire

   Spells                             Type                      Level
   a - Monstrous Menagerie            Summoning                    6
   b - Summon Greater Demon           Summoning                    7
   c - Malign Gateway                 Summoning/Translocation      7
   d - Summon Horrible Things         Summoning                    8
Comestibles
 g - a chunk of flesh


   Skills:
 + Level 7.1(3.5) Fighting
 - Level 2.9(1.4) Short Blades
 - Level 2.1(1.0) Throwing
 - Level 1.6(0.8) Dodging
 - Level 5.9(2.9) Stealth


You had 5 spell levels left.
You didn't know any spells.

Dungeon Overview and Level Annotations

Branches:
Dungeon (4/15)
 Temple: D:4-7

Altars:
Ashenzari
Cheibriados
Dithmenos
Kikubaaqudgha


Innate Abilities, Weirdness & Mutations

You are small and have problems with some larger weapons.
You are carnivorous and can eat meat at any time.


Message History

Something hits you.
* * * LOW HITPOINT WARNING * * *
Something barely misses you. Something completely misses you.
There is a stone staircase leading up here.
Something hits you but does no damage. The orc barely misses you.
You climb upwards.
There is a stone staircase leading down here.
You miss something. Something hits you but does no damage. The orc misses you.
Something barely misses you.
You hit something. Something hits you but does no damage.
It was a potion of haste.
You feel yourself speed up. Something hits you.
* * * LOW HITPOINT WARNING * * *
The orc hits you with a mace.
* * * LOW HITPOINT WARNING * * *
You are very lightly contaminated with residual magic.
You completely miss the orc.
An orc wizard appears from thin air!
Reactivating autopickup.
The orc wizard hits you with a dagger.
You die...

######## ####### ##.......
......###################.#.#.###
####...........o@o..............#
#.########.###########.#.#.#.#
#.########.#### #######>..##.#
#.##..........###.............
#.#...##...##.##..#...........
####................###..#.####.#
..................##.#.....# #.#
.###.......................# #.#
.........##....#..###.#.#..# #.#


You could see an orc wizard and an orc.

Vanquished Creatures
  A giant frog (D:4)
  A scorpion (D:4)
  A hound (D:4)
  Jessica (D:2)
  4 gnolls
  6 adders
  5 worms
  6 giant geckos
  2 orcs
  A ball python (D:1)
  6 bats
  7 giant cockroaches
  6 goblins
  11 hobgoblins
  12 jackals (D:3)
  2 quokkas (D:4)
  8 giant newts
  12 kobolds
  6 rats
98 creatures vanquished.

Vanquished Creatures (others)
  A human (D:2)
1 creature vanquished.

Grand Total: 99 creatures vanquished

Notes
Turn   | Place    | Note
--------------------------------------------------------------
     0 | D:1      | endege the Kobold Assassin began the quest for the Orb.
     0 | D:1      | Reached XP level 1. HP: 12/12 MP: 1/1
    14 | D:1      | Reached XP level 2. HP: 1/17 MP: 2/2
   463 | D:1      | Reached XP level 3. HP: 22/22 MP: 3/3
  1266 | D:1      | You fall through a shaft!
  1278 | D:2      | Found an ancient bone altar of Kikubaaqudgha.
  1278 | D:2      | Noticed a human
  1282 | D:2      | Killed a human
  1285 | D:2      | Found a faded altar to an unknown god.
  1386 | D:2      | Reached XP level 4. HP: 24/28 MP: 4/4
  1658 | D:2      | Noticed Jessica
  1667 | D:2      | Killed Jessica
  1771 | D:2      | Found a snail-covered altar of Cheibriados.
  2012 | D:2      | Reached XP level 5. HP: 34/34 MP: 5/5
  2283 | D:3      | Reached skill level 5 in Fighting
  3227 | D:2      | Became a worshipper of Ashenzari the Shackled
  3227 | D:2      | Reached * piety under Ashenzari
  3834 | D:4      | Found a shadowy altar of Dithmenos.
  4125 | D:4      | Reached XP level 6. HP: 20/41 MP: 6/6
  4356 | D:4      | Reached skill level 6 in Fighting
  4490 | D:4      | Fell from the grace of Ashenzari
  4490 | D:4      | Became a worshipper of Dithmenos the Shadowed
  4547 | D:4      | HP: 1/41 [worm (9)]
  5459 | D:4      | Reached skill level 7 in Fighting
  5708 | D:3      | Slain by an orc wizard

Vault maps used:
D:1:      ncdulo_halloftheorcs
D:2:      cheibriados_altar_1, ecumenical_altar_1, tgw_kikubaaqudgha,
          uniq_jessica
D:3:      first_bread
D:4:      nicolae_dithmenos_shadow_blocks

Action                   |  1- 3 |  4- 6 || total
-------------------------+-------+-------++-------
Melee: Dagger            |    94 |   423 ||   517
 Fire: Blowgun           |       |     3 ||     3
Throw: Tomahawk          |       |     2 ||     2
       Throwing net      |       |     1 ||     1
Evoke: Wand              |       |     1 ||     1
  Use: Potion            |     4 |     4 ||     8
       Scroll            |     5 |     8 ||    13
 Stab: Sleeping          |    11 |     7 ||    18
       Held in net/web   |       |     1 ||     1
  Eat: Chunk             |     1 |    12 ||    13
       Meat ration       |       |     1 ||     1
